TOP OF THE 1ST |
Mississippi State University Bulldogs batting - Pitching for Florida State University Seminoles : LHP Victor Quiros
|
Pitching: LHP Victor Quiros
|
|
Batting: RHB George Wagner
|
0-0: Called Strike 0-1: Foul Ball, location: 2F 0-2: Ball 1-2: Ball 2-2: Strikes out swinging
|
Batting: RHB Mike Bearden
|
0-0: Fly out, F6 (Flyball, 5D, EV 75.6 MPH)
|
Batting: RHB Bryan Payne
|
0-0: Ball 1-0: Ball 2-0: Ball 3-0: Called Strike 3-1: Foul Ball, location: 2F 3-2: SOLO HOME RUN (Flyball, 7D, EV 106.3 MPH), Distance : 393 ft
|
Batting: RHB Xiao-shuang Au
|
0-0: Ball 1-0: Foul Ball, location: 2F 1-1: Called Strike 1-2: Strikes out looking
|
Top of the 1st over - 1 run, 1 hit, 0 errors, 0 left on base; Mississippi State University 1 - Florida State University 0 |
BOTTOM OF THE 1ST |
Florida State University Seminoles batting - Pitching for Mississippi State University Bulldogs : LHP Jarrett Kelley
|
Pitching: LHP Jarrett Kelley
|
|
Batting: LHB Raul Maldonado
|
0-0: Foul Ball, location: 2F 0-1: Ball 1-1: SINGLE (Line Drive, 78S, EV 102.5 MPH)
|
Batting: RHB Brad Brady
|
0-0: Fielders Choice at 2nd, 6-4 (Groundball, 6, EV 86.9 MPH)
|
Batting: RHB Lupe Barrera
|
0-0: Swinging Strike 0-1: Ball 1-1: Ball 2-1: Foul Ball, location: 2F 2-2: Ball 3-2: Base on Balls Brad Brady to second
|
Batting: RHB Rafael Gil
|
0-0: Ball 1-0: Ball 2-0: Ball 3-0: Called Strike 3-1: Base on Balls Brad Brady to third Lupe Barrera to second
|
Batting: SHB Nadhir Umayr
|
0-0: Ball 1-0: Ball 2-0: Ball 3-0: Base on Balls Brad Brady scores Lupe Barrera to third Rafael Gil to second
|
Batting: RHB Victor Ramirez
|
0-0: Ball 1-0: Ball 2-0: Called Strike 2-1: Called Strike 2-2: Foul Ball, location: 2F 2-2: Fly out, F7 (Flyball, 7LS, EV 86.9 MPH)
|
Batting: SHB Ed Mosqueda
|
0-0: Ball 1-0: Fly out, F7 (Line Drive, 7, EV 93.1 MPH)
|
Bottom of the 1st over - 1 run, 1 hit, 0 errors, 3 left on base; Mississippi State University 1 - Florida State University 1 |
TOP OF THE 2ND |
Mississippi State University Bulldogs batting - Pitching for Florida State University Seminoles : LHP Victor Quiros
|
Batting: SHB Bill Ertl
|
0-0: Foul Ball, location: 2F 0-1: Ball 1-1: SINGLE (Line Drive, 5L, EV 105.6 MPH)
|
Batting: LHB Rich Matthews
|
0-0: Called Strike 0-1: SINGLE (Groundball, 56D, EV 98.8 MPH) Bill Ertl to second
|
Batting: LHB Ken Morehead
|
0-0: Ball 1-0: Ball 2-0: Ball Wild Pitch! Bill Ertl to third Rich Matthews to second 3-0: Base on Balls
|
Batting: RHB Justin Young
|
0-0: Called Strike 0-1: Foul Ball, location: 2F 0-2: Ball 1-2: Fly out, F7 (Flyball, 7LM, EV 89.4 MPH) Runner from 3rd tags up, SCORES, throw by LF
|
Batting: RHB Oscar Bravo
|
0-0: Ball 1-0: Ball 2-0: Called Strike 2-1: Ball 3-1: Fly out, F9 (Flyball, 9D, EV 78.1 MPH)
|
Batting: RHB George Wagner
|
0-0: Called Strike 0-1: Called Strike 0-2: SINGLE (Groundball, 4S, EV 67.5 MPH) (infield hit) Rich Matthews to third Ken Morehead to second
|
Batting: RHB Mike Bearden
|
0-0: SINGLE (Groundball, 6MD, EV 99.4 MPH) Rich Matthews scores Ken Morehead to third George Wagner to second
|
Batting: RHB Bryan Payne
|
0-0: SINGLE (Groundball, 56D, EV 98.1 MPH) Ken Morehead scores George Wagner to third Mike Bearden to second Runner from 3rd tries for Home, throw by LF and OUT! 7-2
|
Top of the 2nd over - 3 runs, 5 hits, 0 errors, 2 left on base; Mississippi State University 4 - Florida State University 1 |
BOTTOM OF THE 2ND |
Florida State University Seminoles batting - Pitching for Mississippi State University Bulldogs : LHP Jarrett Kelley
|
Batting: RHB Yutaka Yamane
|
0-0: Called Strike 0-1: SINGLE (Line Drive, 4D, EV 104.4 MPH)
|
Batting: RHB Efrain Cedeno
|
0-0: Ball Yutaka Yamane steals 2nd base 1-0: Called Strike 1-1: Ball 2-1: Ball 3-1: Called Strike 3-2: Foul Ball, location: 2F 3-2: Foul Ball, location: 2F 3-2: Reached on error, E3 (Groundball, 34, EV 102.5 MPH) Yutaka Yamane scores
|
Batting: LHB Raul Maldonado
|
0-0: Ball Wild Pitch! Efrain Cedeno to third 1-0: Called Strike 1-1: Fly out, F8 (Flyball, 8RD, EV 98.1 MPH) Runner from 3rd tags up, SCORES, throw by CF
|
Batting: RHB Brad Brady
|
0-0: Foul Ball, location: 2F 0-1: Ball 1-1: Ball 2-1: Ball 3-1: SINGLE (Groundball, 6M, EV 103.8 MPH)
|
Batting: RHB Lupe Barrera
|
0-0: Ball 1-0: Ball 2-0: Ball 3-0: Called Strike 3-1: 2-RUN HOME RUN (Flyball, 78XD, EV 103.1 MPH), Distance : 413 ft
|
Batting: RHB Rafael Gil
|
0-0: Ball 1-0: Called Strike 1-1: Foul Ball, location: 2F 1-2: Ball 2-2: Ground out U3 (Groundball, 3, EV 87.5 MPH)
|
Batting: SHB Nadhir Umayr
|
0-0: Ball 1-0: Ball 2-0: SINGLE (Line Drive, 78S, EV 105.0 MPH)
|
Pitching: LHP Ken Johnson
|
|
Batting: RHB Victor Ramirez
|
0-0: SINGLE (Groundball, 56D, EV 105.0 MPH) Nadhir Umayr to second
|
Batting: SHB Ed Mosqueda
|
0-0: Fly out, F8 (Flyball, 8RM, EV 88.8 MPH)
|
Bottom of the 2nd over - 4 runs, 5 hits, 1 error, 2 left on base; Mississippi State University 4 - Florida State University 5 |
TOP OF THE 3RD |
Mississippi State University Bulldogs batting - Pitching for Florida State University Seminoles : LHP Victor Quiros
|
Batting: RHB Xiao-shuang Au
|
0-0: Ball 1-0: Ball 2-0: Called Strike 2-1: Foul Ball, location: 2F 2-2: Foul Ball, location: 2F 2-2: Ball 3-2: Fly out, F9 (Flyball, 9S, EV 87.5 MPH)
|
Batting: SHB Bill Ertl
|
0-0: Ball 1-0: Ground out 6-3 (Groundball, 6, EV 103.1 MPH)
|
Batting: LHB Rich Matthews
|
0-0: Ball 1-0: Called Strike 1-1: Foul Ball, location: 2F 1-2: Foul Ball, location: 2F 1-2: Foul Ball, location: 2F 1-2: Ground out 5-3 (Groundball, 56S, EV 73.8 MPH)
|
Top of the 3rd over - 0 runs, 0 hits, 0 errors, 0 left on base; Mississippi State University 4 - Florida State University 5 |
BOTTOM OF THE 3RD |
Florida State University Seminoles batting - Pitching for Mississippi State University Bulldogs : LHP Ken Johnson
|
Batting: RHB Yutaka Yamane
|
0-0: Called Strike 0-1: Foul Ball, location: 2F 0-2: SINGLE (Flyball, 4MD, EV 89.4 MPH)
|
Batting: RHB Efrain Cedeno
|
0-0: DOUBLE (Flyball, 89D, EV 105.0 MPH) Yutaka Yamane to third
|
Batting: LHB Raul Maldonado
|
0-0: Called Strike 0-1: Swinging Strike 0-2: Ground out 4-3 (Groundball, 34, EV 106.9 MPH) Yutaka Yamane scores Efrain Cedeno to third
|
Batting: RHB Brad Brady
|
0-0: Foul Ball, location: 2F 0-1: DOUBLE (Flyball, 8RXD, EV 101.3 MPH) Efrain Cedeno scores
|
Batting: RHB Lupe Barrera
|
0-0: Ball 1-0: Ball 2-0: Ball 3-0: Base on Balls
|
Batting: RHB Rafael Gil
|
0-0: Ball 1-0: Ball 2-0: Ball 3-0: Base on Balls Brad Brady to third Lupe Barrera to second
|
Batting: SHB Nadhir Umayr
|
0-0: Ball 1-0: Fly out, F7 (Flyball, 7S, EV 98.1 MPH)
|
Batting: RHB Victor Ramirez
|
0-0: Ball 1-0: Ball 2-0: Called Strike 2-1: Fly out, F7 (Flyball, 7S, EV 88.8 MPH)
|
Bottom of the 3rd over - 2 runs, 3 hits, 0 errors, 3 left on base; Mississippi State University 4 - Florida State University 7 |
TOP OF THE 4TH |
Mississippi State University Bulldogs batting - Pitching for Florida State University Seminoles : LHP Victor Quiros
|
Batting: LHB Ken Morehead
|
0-0: Ball 1-0: Foul Ball, location: 2F 1-1: Foul Ball, location: 2F 1-2: Foul Ball, location: 2F 1-2: Ball 2-2: Hit by Pitch
|
Batting: RHB Justin Young
|
0-0: Ball 1-0: Fielders Choice at 2nd, 4-6 (Groundball, 4, EV 85.0 MPH)
|
Batting: RHB Oscar Bravo
|
0-0: Ball 1-0: Foul Ball, location: 2F 1-1: Ball 2-1: DOUBLE (Groundball, 3L, EV 109.4 MPH) Justin Young to third
|
Batting: RHB George Wagner
|
0-0: Called Strike 0-1: Called Strike 0-2: Fly out, F6 (Line Drive, 6, EV 61.3 MPH)
|
Batting: RHB Mike Bearden
|
0-0: Ground out 6-3 (Groundball, 6, EV 85.6 MPH)
|
Top of the 4th over - 0 runs, 1 hit, 0 errors, 2 left on base; Mississippi State University 4 - Florida State University 7 |
BOTTOM OF THE 4TH |
Florida State University Seminoles batting - Pitching for Mississippi State University Bulldogs : LHP Ken Johnson
|
Batting: SHB Ed Mosqueda
|
0-0: Ball 1-0: Ground out 4-3 (Groundball, 4, EV 81.9 MPH)
|
Batting: RHB Yutaka Yamane
|
0-0: Ball 1-0: Ball 2-0: Foul Ball, location: 2F 2-1: Swinging Strike 2-2: Fly out, F9 (Flyball, 9, EV 81.9 MPH)
|
Batting: RHB Efrain Cedeno
|
0-0: Swinging Strike 0-1: Ball 1-1: Swinging Strike 1-2: Ball 2-2: Ball 3-2: Strikes out swinging
|
Bottom of the 4th over - 0 runs, 0 hits, 0 errors, 0 left on base; Mississippi State University 4 - Florida State University 7 |
TOP OF THE 5TH |
Mississippi State University Bulldogs batting - Pitching for Florida State University Seminoles : LHP Victor Quiros
|
Batting: RHB Bryan Payne
|
0-0: Ball 1-0: Ball 2-0: SINGLE (Line Drive, 7LS, EV 101.3 MPH)
|
Batting: RHB Xiao-shuang Au
|
0-0: SINGLE (Line Drive, 78M, EV 108.1 MPH) Bryan Payne to second
|
Batting: SHB Bill Ertl
|
0-0: Ball 1-0: Swinging Strike 1-1: Grounds into double play, 6-4-3 (Groundball, 6, EV 86.3 MPH) Bryan Payne to third
|
Pitching: RHP Sergio Perez
|
|
Batting: LHB Rich Matthews
|
0-0: Ground out 5-3 (Groundball, 56, EV 102.5 MPH)
|
Top of the 5th over - 0 runs, 2 hits, 0 errors, 1 left on base; Mississippi State University 4 - Florida State University 7 |
BOTTOM OF THE 5TH |
Florida State University Seminoles batting - Pitching for Mississippi State University Bulldogs : LHP Ken Johnson
|
Batting: LHB Raul Maldonado
|
0-0: Ground out 4-3 (Groundball, 4, EV 86.3 MPH)
|
Batting: RHB Brad Brady
|
0-0: Ball 1-0: Ball 2-0: Ball 3-0: Base on Balls
|
Batting: RHB Lupe Barrera
|
0-0: Ball 1-0: Ball 2-0: Ball 3-0: Called Strike 3-1: Foul Ball, location: 2F 3-2: Foul Ball, location: 2F 3-2: Foul Ball, location: 2F 3-2: Foul Ball, location: 2F 3-2: Foul Ball, location: 2F 3-2: Base on Balls Brad Brady to second
|
Batting: RHB Rafael Gil
|
0-0: Foul Ball, location: 2F 0-1: Called Strike 0-2: Foul Ball, location: 2F 0-2: Ball 1-2: Strikes out swinging
|
Batting: SHB Nadhir Umayr
|
0-0: Called Strike 0-1: Ground out 4-3 (Groundball, 4, EV 103.1 MPH)
|
Bottom of the 5th over - 0 runs, 0 hits, 0 errors, 2 left on base; Mississippi State University 4 - Florida State University 7 |
TOP OF THE 6TH |
Mississippi State University Bulldogs batting - Pitching for Florida State University Seminoles : RHP Sergio Perez
|
Batting: LHB Ken Morehead
|
0-0: Called Strike 0-1: Called Strike 0-2: Strikes out looking
|
Batting: RHB Justin Young
|
0-0: Foul Ball, location: 2F 0-1: Foul Ball, location: 2F 0-2: Ball 1-2: Foul Ball, location: 2F 1-2: Foul Ball, location: 2F 1-2: Ball 2-2: Fly out, F7 (Flyball, 78D, EV 98.1 MPH)
|
Batting: RHB Oscar Bravo
|
0-0: Ball 1-0: Ball 2-0: Ball 3-0: Base on Balls
|
Batting: RHB George Wagner
|
0-0: Foul Ball, location: 2F 0-1: Swinging Strike 0-2: SINGLE (Groundball, 56D, EV 93.8 MPH) Oscar Bravo to second
|
Batting: RHB Mike Bearden
|
0-0: Ball 1-0: Called Strike 1-1: Ball 2-1: Fly out, F8 (Flyball, 78D, EV 110.6 MPH)
|
Top of the 6th over - 0 runs, 1 hit, 0 errors, 2 left on base; Mississippi State University 4 - Florida State University 7 |
BOTTOM OF THE 6TH |
Florida State University Seminoles batting - Pitching for Mississippi State University Bulldogs : LHP Ken Johnson
|
Batting: RHB Victor Ramirez
|
0-0: Ball 1-0: Ball 2-0: Called Strike 2-1: Called Strike 2-2: Foul Ball, location: 2F 2-2: Ball 3-2: Foul Ball, location: 2F 3-2: Foul Ball, location: 2F 3-2: Foul Ball, location: 2F 3-2: Ground out 4-3 (Groundball, 34D, EV 80.6 MPH)
|
Batting: SHB Ed Mosqueda
|
0-0: Ball 1-0: Ball 2-0: Foul Ball, location: 2F 2-1: Ball 3-1: Base on Balls
|
Pitching: RHP Andrew Giles
|
|
Batting: RHB Yutaka Yamane
|
0-0: Ball 1-0: Ball 2-0: Called Strike 2-1: Ball 3-1: Foul Ball, location: 2F 3-2: Strikes out swinging
|
Batting: RHB Efrain Cedeno
|
0-0: Ball 1-0: Ground out 1-3 (Groundball, 34S, EV 76.9 MPH)
|
Bottom of the 6th over - 0 runs, 0 hits, 0 errors, 1 left on base; Mississippi State University 4 - Florida State University 7 |
TOP OF THE 7TH |
Mississippi State University Bulldogs batting - Pitching for Florida State University Seminoles : RHP Sergio Perez
|
Batting: RHB Bryan Payne
|
0-0: Ball 1-0: Foul Ball, location: 2F 1-1: Foul Ball, location: 2F 1-2: Foul Ball, location: 2F 1-2: Ball 2-2: Foul Ball, location: 2F 2-2: Foul Ball, location: 2F 2-2: Foul Ball, location: 2F 2-2: Ball 3-2: Foul Ball, location: 2F 3-2: Foul Ball, location: 2F 3-2: SOLO HOME RUN (Line Drive, 7D, EV 97.5 MPH), Distance : 355 ft
|
Pinch Hitting: RHB Tony Dopson
|
0-0: Ground out 1-3 (Groundball, 34S, EV 69.4 MPH)
|
Batting: SHB Bill Ertl
|
0-0: Ball 1-0: Swinging Strike 1-1: Ground out 5-3 (Groundball, 5L, EV 86.9 MPH)
|
Batting: LHB Rich Matthews
|
0-0: Called Strike 0-1: Called Strike 0-2: Ball 1-2: Ball 2-2: Foul Ball, location: 2F 2-2: Foul Ball, location: 2F 2-2: Foul Ball, location: 2F 2-2: Fly out, F7 (Line Drive, 7D, EV 96.3 MPH)
|
Top of the 7th over - 1 run, 1 hit, 0 errors, 0 left on base; Mississippi State University 5 - Florida State University 7 |
BOTTOM OF THE 7TH |
Florida State University Seminoles batting - Pitching for Mississippi State University Bulldogs : RHP Andrew Giles
|
Now at 2B: Tony Dopson
|
|
Batting: LHB Raul Maldonado
|
0-0: Swinging Strike 0-1: Ball 1-1: Called Strike 1-2: Foul Ball, location: 2F 1-2: Ball 2-2: Strikes out swinging
|
Batting: RHB Brad Brady
|
0-0: DOUBLE (Line Drive, 78D, EV 96.9 MPH)
|
Batting: RHB Lupe Barrera
|
0-0: Intentional Walk
|
Batting: RHB Rafael Gil
|
0-0: Ball 1-0: Ball 2-0: Foul Ball, location: 2F 2-1: Swinging Strike 2-2: Strikes out swinging
|
Batting: SHB Nadhir Umayr
|
0-0: Swinging Strike 0-1: Swinging Strike 0-2: Ball 1-2: Ground out 4-3 (Groundball, 4, EV 90.6 MPH)
|
Bottom of the 7th over - 0 runs, 1 hit, 0 errors, 2 left on base; Mississippi State University 5 - Florida State University 7 |
TOP OF THE 8TH |
Mississippi State University Bulldogs batting - Pitching for Florida State University Seminoles : RHP Sergio Perez
|
Batting: LHB Ken Morehead
|
0-0: Ball 1-0: Ball 2-0: Foul Ball, location: 2F 2-1: Foul Ball, location: 2F 2-2: Foul Ball, location: 2F 2-2: Ball 3-2: Foul Ball, location: 2F 3-2: Fly out, F4 (Line Drive, 4, EV 69.4 MPH)
|
Batting: RHB Justin Young
|
0-0: Ball 1-0: SINGLE (Groundball, 34D, EV 95.0 MPH)
|
Pinch Hitting: LHB Dusty Bryant
|
0-0: Foul Ball, location: 2F 0-1: Fly out, F7 (Line Drive, 7D, EV 89.4 MPH)
|
Batting: RHB George Wagner
|
0-0: Ball 1-0: Ball 2-0: Called Strike 2-1: Ball 3-1: Foul Ball, location: 2F 3-2: Ground out 2-3 (Groundball, 2L, EV 66.9 MPH)
|
Top of the 8th over - 0 runs, 1 hit, 0 errors, 1 left on base; Mississippi State University 5 - Florida State University 7 |
BOTTOM OF THE 8TH |
Florida State University Seminoles batting - Pitching for Mississippi State University Bulldogs : RHP Andrew Giles
|
Now at SS: Dave Stone
|
|
Batting: RHB Victor Ramirez
|
0-0: Called Strike 0-1: Ball 1-1: Ground out 5-3 (Groundball, 56S, EV 67.5 MPH)
|
Batting: SHB Ed Mosqueda
|
0-0: Ball 1-0: Reached on error, E7 (Line Drive, 7, EV 95.6 MPH)
|
Batting: RHB Yutaka Yamane
|
0-0: Ball 1-0: Called Strike 1-1: Swinging Strike 1-2: Fly out, F8 (Flyball, 8RD, EV 100.0 MPH)
|
Batting: RHB Efrain Cedeno
|
0-0: Ball 1-0: Ground out U3 (Groundball, 3, EV 110.6 MPH)
|
Bottom of the 8th over - 0 runs, 0 hits, 1 error, 1 left on base; Mississippi State University 5 - Florida State University 7 |
TOP OF THE 9TH |
Mississippi State University Bulldogs batting - Pitching for Florida State University Seminoles : RHP Sergio Perez
|
Pitching: LHP Dzintars Balodis
|
|
Now at 1B: Jai-guo Bian
|
|
Batting: RHB Mike Bearden
|
0-0: Ball 1-0: Swinging Strike 1-1: Foul Ball, location: 2F 1-2: Ball 2-2: Ball 3-2: Strikes out looking
|
Batting: RHB Bryan Payne
|
0-0: Foul Ball, location: 2F 0-1: Ball 1-1: Ball 2-1: Foul Ball, location: 2F 2-2: Foul Ball, location: 2F 2-2: Foul Ball, location: 2F 2-2: Ball 3-2: Foul Ball, location: 2F 3-2: Strikes out swinging
|
Batting: RHB Tony Dopson
|
0-0: Ball 1-0: Ball 2-0: Called Strike 2-1: Foul Ball, location: 2F 2-2: Strikes out swinging
|
Top of the 9th over - 0 runs, 0 hits, 0 errors, 0 left on base; Mississippi State University 5 - Florida State University 7 |
|